 Dungeon Crawl Stone Soup version 0.30.0-11-gf55b779eaf (webtiles) character file.

Game seed: 3859843420188906691

82 LuckyKittyKathy the Trooper (level 4, -1/41 HPs)
             Began as a Minotaur Fighter on May 15, 2023.
             Slain by Edmund
             ... wielding a +0 flail of pain
              (7 damage)
             ... on level 4 of the Dungeon on May 16, 2023.
             The game lasted 00:11:36 (2281 turns).

LuckyKittyKathy the Trooper (Minotaur Fighter)      Turns: 2281, Time: 00:11:37

Health: -1/41      AC:  7    Str: 22    XL:     4   Next: 21%
Magic:  3/3        EV:  9    Int:  5    God:
Gold:   162        SH:  5    Dex: 10    Spells: 3/3 levels left

rFire   . . .        a - +2 war axe
rCold   . . .        v - orb {guile}
rNeg    . . .        b - +0 scale mail
rPois   .            (helmet restricted)
rElec   .            (no cloak)
rCorr   .            (no gloves)
SInv    .            (no boots)
Will    .....        r - amulet of reflection Stlth
                     l - +4 ring of slaying
HPRegen 0.26/turn    n - ring of flight
MPRegen 0.08/turn

%: reflection
@: mighty, flying
A: horns 2, retaliatory headbutt
a: no special abilities


You were on level 4 of the Dungeon.
You visited 1 branch of the dungeon, and saw 4 of its levels.

You collected 162 gold pieces.

Inventory:

Hand Weapons
 a - a +2 war axe (weapon)
 i - a +0 dagger
 j - a +0 mace
 k - a +0 spear
 m - a +0 sling
Missiles
 t - 2 poisoned darts (quivered)
Armour
 b - a +0 scale mail (worn)
 c - a +0 buckler
 q - a +0 ring mail
 v - an orb of guile (worn)
Jewellery
 l - a +4 ring of slaying (left hand)
 n - a ring of flight (right hand)
 p - a ring of flight
 r - an amulet of reflection (around neck)
 u - a ring of positive energy
 w - a +5 ring of evasion
Wands
 g - a wand of roots (12)
Scrolls
 o - a scroll of vulnerability
Potions
 d - a potion of might
 e - a potion of attraction {unknown}
 f - 2 potions of curing {unknown}
 s - a potion of heal wounds {unknown}


   Skills:
 + Level 4.5 Fighting
 + Level 3.7 Axes
 + Level 4.3 Armour
 + Level 4.1 Shields


You had 3 spell levels left.
You didn't know any spells.
Your spell library contained the following spells:

 Spells                   Type           Power      Damage    Failure   Level
 Summon Forest            Summ/Tloc      0%         N/A       100%        5
 Eringya's Noxious Bog    Tmut/Pois      0%         N/A       100%        6
 Summon Hydra             Summ           0%         N/A       100%        7


Dungeon Overview and Level Annotations

Branches:
Dungeon (4/15)
 Temple: D:4-7

Altars:

Annotations:
D:4 Edmund


Innate Abilities, Weirdness & Mutations

You have a pair of horns on your head.
You reflexively headbutt those who attack you in melee.


Message History

A giant cockroach comes into view.
The ball python barely misses you. The ball python grabs you.
The ball python constricts you.
You escape the ball python's grasp.
The adder attacks as you move away! The adder bites you but does no damage.
A goblin comes into view. It is wielding a +0 club.
The goblin shouts!
The adder closely misses you.
Found a book of Blasting.
The ball python bites you.
* * * LOW HITPOINT WARNING * * *
The ball python closely misses you. The adder attacks as you move away!
The adder bites you but does no damage.
The giant cockroach attacks as you move away!
The giant cockroach barely misses you.
The giant cockroach bites you but does no damage.
The adder bites you but does no damage. The adder attacks as you move away!
The adder completely misses you.
A goblin and a gnoll come into view.
The gnoll shouts!
You hear a shout!
A jelly comes into view.
The adder attacks as you move away! The adder bites you but does no damage.
The jelly quivers.
The adder barely misses you. The adder attacks as you move away!
The adder closely misses you. The goblin closely misses you.
The adder attacks as you move away! The adder bites you but does no damage.
The adder bites you.
* * * LOW HITPOINT WARNING * * *
The adder closely misses you. You furiously retaliate!
You headbutt the adder! The adder bites you but does no damage.
Edmund and an iguana come into view.
Edmund is wielding a +0 flail of pain and wearing a +3 leather armour of poison resistance.
Edmund shouts!
The iguana hisses angrily.
The adder attacks as you move away! The adder bites you.
* * * LOW HITPOINT WARNING * * *
The adder attacks as you move away! The adder bites you but does no damage.
A gnoll comes into view. It is wielding a +0 club.
A gnoll bouda comes into view. It is wielding a +0 club.
Edmund hits you with a +0 flail of pain!
You die...

#.#...##..
######.....#...
#.......#.....
#.......#....
...........#
...........##..
.......@.......
#...l..@....#
........S##.....
#.......S#


g.g #.######.# . .#... #.gB# .....##.##### ......og....##. .#.....g.J.....
#............. You could see Edmund, a gnoll bouda, an iguana, a gnoll
(wandering), an adder, a giant cockroach, a goblin and a ball python.

Vanquished Creatures
  An adder (D:2)
  A worm (D:3)
  3 dart slugs (D:1)
  2 orcs (D:4)
  3 bats
  5 endoplasms
  3 giant cockroaches
  5 hobgoblins
  6 jackals (D:2)
  6 kobolds
  2 quokkas
  5 ball pythons (D:1)
  5 frilled lizards
  4 goblins
  3 rats
54 creatures vanquished.

Notes
Turn   | Place    | Note
-------+----------+-------------------------------------------
     0 | D:1      | LuckyKittyKathy the Minotaur Fighter began the quest for
                  | the Orb.
     0 | D:1      | Reached XP level 1. HP: 19/19 MP: 0/0
   268 | D:1      | Reached XP level 2. HP: 27/27 MP: 1/1
   839 | D:2      | Reached XP level 3. HP: 33/33 MP: 2/2
  2062 | D:3      | Reached XP level 4. HP: 41/41 MP: 3/3
  2065 | D:3      | Upgraded the game from 0.30.0-10-gfe55d96785 to
                  | 0.30.0-11-gf55b779eaf
  2244 | D:4      | Noticed a black bear
  2278 | D:4      | Noticed Edmund
  2281 | D:4      | Slain by Edmund

Illustrated notes

Levels and vault maps discovered:
D:1:      saegor_arrival_under_anarchy, layout_basic,
          shapermc_ecumenical_altar_acropolis
D:2:      layout_basic, grunt_ministairs_2
D:3:      layout_loops_ring, mainiacjoe_overflow_big_doors, kennysheep_boxes
D:4:      layout_rooms, hangedman_decor_points, uniq_edmund, uniq_pikel

Skill      XL: |  1  2  3 |
---------------+----------+-----
Fighting       | 4 |  4.5
Armour         | 4 |  4.3
Shields        | 4 |  4.1
Axes           | 3 |  3.7

Action                     |  1- 3 |  4- 6 || total
---------------------------+-------+-------++-------
  Melee: War axe           |    61 |    13 ||    74
         Headbutt          |     7 |     1 ||     8
    Use: Scroll            |     4 |     1 ||     5
         Potion            |       |     1 ||     1
 Armour: Scale mail        |    46 |    17 ||    63
  Dodge: Dodged            |    45 |    16 ||    61
  Block: Buckler           |    27 |       ||    27
         Orb               |     1 |     8 ||     9
